 Dungeon Crawl Stone Soup version 0.29.0-4-gdea44cf6ec (webtiles) character file.

Game seed: 10763419537484413405

233 qw the Chopper (level 6, -6/35 HPs)
             Began as a Tengu Warper on Aug 28, 2022.
             Killed from afar by Blork the orc (11 damage)
             ... with a puff of flame
             ... on level 4 of the Dungeon.
             The game lasted 00:00:23 (4875 turns).

qw the Chopper (Tengu Warper)                       Turns: 4875, Time: 00:00:24

Health: -6/35      AC:  3    Str: 13    XL:     6   Next: 4%
Magic:  10/10      EV: 13    Int: 14    God:
Gold:   310        SH:  4    Dex: 13    Spells: 9/9 levels left

rFire   . . .      SeeInvis .   k - +0 war axe (flame)
rCold   . . .      Faith    .   c - +0 buckler
rNeg    + . .      Spirit   .   b - +0 leather armour
rPois   .          Reflect  .   (helmet restricted)
rElec   .          Harm     .   (no cloak)
rCorr   .          Rampage  .   (no gloves)
Will    .....                   (boots unavailable)
Stlth   +.........              (no amulet)
HPRegen 0.11/turn               h - ring of positive energy
MPRegen 0.12/turn               (no ring)

@: about to teleport, flying quickly and evasively, quick
A: beak, talons 3, nimble flight
a: no special abilities


You were on level 4 of the Dungeon.
You visited 1 branch of the dungeon, and saw 4 of its levels.

You collected 310 gold pieces.


Innate Abilities, Weirdness & Mutations

You have a beak for a mouth.
You have claws for feet.
Your magical nature lets you fly swiftly and evasively.


   Skills:
 - Level 2.0 Fighting
 + Level 6.5 Axes
 - Level 1.0 Throwing
 - Level 1.1 Armour
 - Level 2.1 Dodging
 - Level 1.0 Shields
 - Level 2.0 Spellcasting
 - Level 2.4 Translocations


You had 9 spell levels left.
You didn't know any spells.
Your spell library contained the following spells:

 Spells                   Type           Power      Damage    Failure   Level
 Blink                    Tloc           16%        N/A       24%         2
 Gell's Gravitas          Tloc           8%         N/A       43%         3
 Lesser Beckoning         Tloc           8%         N/A       43%         3
 Teleport Other           Tloc           8%         N/A       43%         3
 Manifold Assault         Tloc           8%         N/A       99%         5

Inventory:

Hand Weapons
 k - a +0 war axe of flaming (weapon)
Missiles
 a - 3 boomerangs (quivered)
Armour
 b - a +0 leather armour (worn)
 c - a +0 buckler (worn)
Jewellery
 h - a ring of positive energy (left hand)
Potions
 d - a potion of ambrosia {unknown}
 e - a potion of invisibility {unknown}
 f - 2 potions of berserk rage {unknown}
 g - a potion of magic {unknown}
 i - 2 potions of curing
 j - a potion of resistance {unknown}
 m - a potion of mutation {unknown}
 p - a potion of brilliance {unknown}

Dungeon Overview and Level Annotations

Branches:
Dungeon (4/15)
 Temple: D:4-7

Altars:
Hepliaklqana

Annotations:
D:4 Blork the orc


Message History

a +0 short sword; 2 poisoned darts You closely miss the orc.
Your kick misses the orc.
Blork the orc sings a few bars from the Orcish anthem.
Blork the orc gestures wildly while chanting.
Blork the orc seems to speed up.
You hit the orc. You burn the orc. You claw the orc. Your peck misses the orc.
The orc is severely wounded.
You slash the orc! You burn the orc.
You kill the orc!
The orc barely misses you. The orc misses you.
You slash the orc! You burn the orc.
You kill the orc!
You hit Blork the orc. You burn Blork the orc.
Blork the orc hits you with a +0 long sword.
Blork the orc barely misses you.
You closely miss Blork the orc.
You claw Blork the orc, but do no damage.
Blork the orc is lightly wounded.
Blork the orc closely misses you.
Blork the orc gestures at you while chanting.
The puff of flame hits you.
You completely miss Blork the orc.
You claw Blork the orc, but do no damage.
Your peck misses Blork the orc.
Blork the orc is lightly wounded.
You block Blork the orc's attack.
You barely miss Blork the orc. Your kick misses Blork the orc.
You peck Blork the orc.
Blork the orc is lightly wounded.
Blork the orc hits you with a +0 long sword!
Blork the orc closely misses you.
4874 ||| READING scroll of teleportation.
As you read the scroll of teleportation, it crumbles to dust.
You feel strangely unstable. Blork the orc closely misses you.
Blork the orc misses you.
You barely miss Blork the orc. You claw Blork the orc.
Blork the orc is moderately wounded.
Blork the orc points at you and mumbles some strange words.
The puff of flame hits you!
You die...

#... #... ##### #... #
#...# #... #. #...# ####
#.. #...# .. #...#
.####.#########...##
......o@...........#####
......)))...............
##################.#####
#.## #..### ##.).#
####..# #.....##
#.......


You could see Blork the orc (fast).

Vanquished Creatures
  A hound (D:4)
  A jelly (D:4)
  An orc wizard (D:4)
  6 adders
  A dart slug (D:2)
  7 orcs (D:4)
  9 endoplasms
  8 giant cockroaches
  5 goblins
  4 hobgoblins
  2 jackals (D:2)
  7 kobolds
  3 quokkas
  13 ball pythons
  7 bats
  3 frilled lizards
  A rat (D:2)
79 creatures vanquished.

Vanquished Creatures (others)
  An endoplasm (D:1)
  A rat (D:1)
2 creatures vanquished.

Grand Total: 81 creatures vanquished

Notes
Turn   | Place    | Note
-------+----------+-------------------------------------------
     0 | D:1      | qw the Tengu Warper began the quest for the Orb.
     0 | D:1      | Reached XP level 1. HP: 12/12 MP: 4/4
     0 | D:1      | 0 ||| qw: Version: 0.1-a-89-g26bdef1
     0 | D:1      | 0 ||| qw: Game counter: 2764
     0 | D:1      | 0 ||| qw: Always use a shield: true
     0 | D:1      | 0 ||| qw: God list: Okawaru
     0 | D:1      | 0 ||| qw: Allow faded altars: false
     0 | D:1      | 0 ||| qw: Do Orc after D:15 true
     0 | D:1      | 0 ||| qw: Do second Lair branch before Depths: true
     0 | D:1      | 0 ||| qw: Lair rune preference: random
     0 | D:1      | 0 ||| qw: Plans: Normal
     0 | D:1      | 0 ||| PLANNING D:1-11
   370 | D:1      | Reached skill level 3 in Axes
   370 | D:1      | Reached XP level 2. HP: 17/17 MP: 6/6
   544 | D:1      | 544 ||| DROPPING +0 club.
  1075 | D:1      | Reached XP level 3. HP: 21/21 MP: 7/7
  1157 | D:1      | 1157 ||| DROPPING +0 whip.
  1243 | D:1      | Reached skill level 4 in Axes
  1653 | D:1      | 1653 ||| READING scroll labelled KURREF ZUNEASH.
  1658 | D:1      | 1658 ||| READING scroll labelled VERE SURRUSOCIO.
  1659 | D:1      | 1659 ||| READING scroll labelled EMEOG EPOEXUE.
  1660 | D:1      | 1660 ||| READING scroll labelled SIESUJ GIMANIA.
  1661 | D:1      | 1661 ||| DROPPING scroll of blinking.
  1662 | D:1      | 1662 ||| Stepping randomly (stuck).
  1663 | D:1      | 1663 ||| Stepping ~*~*~tactically~*~*~ (cloud).
  1668 | D:1      | HP: 5/21 [poisoned by you (poison gas)]
  1671 | D:1      | HP: 2/21 [poisoned by you (poison gas)]
  2320 | D:2      | 2320 ||| Stepping ~*~*~tactically~*~*~ (hiding).
  2322 | D:2      | 2322 ||| FLEEEEING.
  2324 | D:2      | 2324 ||| Stepping ~*~*~tactically~*~*~ (hiding).
  2326 | D:2      | 2326 ||| Stepping ~*~*~tactically~*~*~ (hiding).
  2435 | D:2      | Identified the +5 dagger of qw's Imminent Death {freeze,
                  | rF+ rCorr Str-4 Int+4}
  2497 | D:2      | Reached XP level 4. HP: 10/26 MP: 8/8
  2605 | D:2      | 2605 ||| FLEEEEING.
  2607 | D:2      | 2607 ||| FLEEEEING.
  2609 | D:2      | 2609 ||| FLEEEEING.
  2719 | D:2      | 2719 ||| Stepping ~*~*~tactically~*~*~ (stealth).
  2720 | D:2      | 2720 ||| Stepping ~*~*~tactically~*~*~ (stealth).
  2766 | D:2      | 2766 ||| Stepping ~*~*~tactically~*~*~ (stealth).
  2881 | D:2      | Reached skill level 5 in Axes
  3059 | D:2      | Found a faded altar of an unknown god.
  3167 | D:2      | Found a hazy altar of Hepliaklqana.
  3358 | D:2      | 3358 ||| UPGRADING to +0 buckler.
  3363 | D:2      | 3363 ||| UPGRADING to ring of positive energy.
  3364 | D:2      | 3364 ||| READING scroll labelled EMNU ZUOMPOICU.
  3365 | D:2      | 3365 ||| READING scroll labelled OMU BEPRURCH.
  3366 | D:2      | 3366 ||| DRINKING 2 sapphire potions.
  3367 | D:2      | 3367 ||| DROPPING potion of flight.
  3532 | D:3      | Reached skill level 1 in Shields
  3544 | D:3      | 3544 ||| SWAPPING to +0 war axe.
  3545 | D:3      | 3545 ||| DROPPING +1 hand axe.
  4365 | D:3      | 4365 ||| DROPPING amulet of magic regeneration.
  4366 | D:3      | 4366 ||| READING scroll labelled MIAZORPH CIUNAACE.
  4367 | D:3      | 4367 ||| READING scroll labelled YHIPOS CIMAMM.
  4368 | D:3      | 4368 ||| READING scroll labelled CEGEUD ITOBUU.
  4369 | D:3      | 4369 ||| DRINKING 3 amethyst potions.
  4409 | D:4      | 4409 ||| Stepping ~*~*~tactically~*~*~ (hiding).
  4413 | D:4      | Gained mutation: Your magical nature lets you fly swiftly
                  | and evasively. [Tengu growth]
  4413 | D:4      | Reached XP level 5. HP: 30/30 MP: 9/9
  4517 | D:4      | 4517 ||| DROPPING +1 whip of electrocution.
  4523 | D:4      | 4523 ||| Stepping ~*~*~tactically~*~*~ (stealth).
  4529 | D:4      | 4529 ||| Stepping ~*~*~tactically~*~*~ (stealth).
  4534 | D:4      | Reached skill level 6 in Axes
  4547 | D:4      | 4547 ||| SWAPPING to +0 war axe of flaming.
  4548 | D:4      | 4548 ||| DROPPING +0 flail.
  4549 | D:4      | 4549 ||| DROPPING +0 war axe.
  4550 | D:4      | 4550 ||| Stepping ~*~*~tactically~*~*~ (stealth).
  4551 | D:4      | 4551 ||| Stepping ~*~*~tactically~*~*~ (stealth).
  4863 | D:4      | Noticed Blork the orc
  4864 | D:4      | Reached XP level 6. HP: 32/35 MP: 10/10
  4873 | D:4      | HP: 5/35 [Blork the orc/+0 long sword (13)]
  4874 | D:4      | 4874 ||| READING scroll of teleportation.
  4875 | D:4      | Killed from afar by Blork the orc

Levels and vault maps discovered:
D:1:      dpeg_arrival_round_c, layout_loops_ring, grunt_decor_mini_mirrors,
          roderic_serpentine_path, lemuel_flame_loot_1
D:2:      layout_loops_ring, hellmonk_ecumenical_altar_crossroads, basic_altar,
          minmay_pentomino_pile
D:3:      layout_basic
D:4:      layout_basic, uniq_blork_the_orc

Skill      XL: |  1  2  3  4  5 |
---------------+----------------+-----
Axes           | 3 4 5 6 |  6.5
Shields        | 1 |  1.0
Fighting       | |  2.0
Throwing       | |  1.0
Armour         | |  1.1
Dodging        | |  2.1
Spellcasting   | |  2.0
Translocations | |  2.4

Action                   |  1- 3 |  4- 6 || total
-------------------------+-------+-------++-------
Melee: Hand axe          |    96 |    28 ||   124
       Kick              |    18 |    24 ||    42
       Peck              |    10 |    15 ||    25
       War axe           |       |    64 ||    64
Throw: Boomerang         |     7 |     8 ||    15
  Use: Scroll            |     4 |     6 ||    10
       Potion            |       |     2 ||     2
 Stab: Sleeping          |     1 |       ||     1
Armor: Leather armour    |    28 |    17 ||    45
Dodge: Dodged            |    60 |    49 ||   109
Block: Buckler           |       |    14 ||    14

Table legend:
 A = Non-vault XP
 B = Vault XP
 C = Vault XP percentage of total XP
 D = Non-vault monster count
 E = Vault monster count
 F = Vault count percentage of total count
                 A         B        C        D         E       F
            +---------+---------+-------+---------+---------+-------
      Total |     330 |       3 |   0.9 |      77 |       2 |   2.5
            +---------+---------+-------+---------+---------+-------
        D:1 |      48 |       0 |   0.0 |      29 |       0 |   0.0
        D:2 |      68 |       3 |   4.2 |      19 |       2 |   9.5
        D:3 |      43 |       0 |   0.0 |      10 |       0 |   0.0
        D:4 |     171 |       0 |   0.0 |      19 |       0 |   0.0
            +---------+---------+-------+---------+---------+-------
